 Dungeon Crawl Stone Soup version 0.31-a0-859-g9dce7d3444 (webtiles) character file.

Game seed: 5111471690173744252

104 BinkBink the Trooper (level 4, -2/49 HPs)
             Began as an Ogre Fighter on Oct 10, 2023.
             Succumbed to Terence's poison
             ... on level 3 of the Dungeon.
             The game lasted 00:02:45 (2223 turns).

BinkBink the Trooper (Ogre Fighter)                 Turns: 2223, Time: 00:02:45

Health: -2/49      AC:  4    Str: 22    XL:     4   Next: 80%
Magic:  4/4        EV:  9    Int:  9    God:
Gold:   89         SH:  7    Dex:  8    Spells: 3/3 levels left

rFire   . . .        a - +0 flail
rCold   . . .        c - +0 kite shield
rNeg    . . .        b - +0 robe
rPois   .            (helmet restricted)
rElec   .            m - +0 cloak
rCorr   .            (gloves unavailable)
SInv    .            (boots unavailable)
Will    .....        (no amulet)
Stlth   +            (no ring)
HPRegen 0.28/turn    (no ring)
MPRegen 0.09/turn

%: no passive effects
@: lethally poisoned (-2 -> -14), attractive
A: large, unfitting armour, tough skin 1, hooves 1
a: no special abilities


You were on level 3 of the Dungeon.
You visited 1 branch of the dungeon, and saw 3 of its levels.

You collected 89 gold pieces.

Inventory:

Hand Weapons
 a - a +0 flail (weapon)
Armour
 b - a +0 robe (worn)
 c - a +0 kite shield (worn)
 m - a +0 cloak (worn)
Scrolls
 e - 2 scrolls of enchant armour {unknown}
 g - a scroll of revelation {unknown}
 h - 4 scrolls of teleportation {unknown}
 j - 3 scrolls of identify {unknown}
 k - a scroll of fear {unknown}
Potions
 d - a potion of might
 f - 4 potions of mutation
 i - a potion of magic {unknown}
 l - 2 potions of attraction


   Skills:
 + Level 4.7 Fighting
 * Level 3.1 Maces & Flails
 + Level 3.2 Dodging
 + Level 3.5 Shields


You had 3 spell levels left.
You didn't know any spells.
Your spell library contained the following spells:

 Spells                   Type           Power      Damage    Failure   Level
 Summon Small Mammal      Summ           0%         N/A       67%         1
 Call Canine Familiar     Summ           0%         N/A       95%         3
 Summon Guardian Golem    Hex/Summ       0%         N/A       95%         3


Dungeon Overview and Level Annotations

Branches:
Dungeon (3/15)

Altars:
Dithmenos


Innate Abilities, Weirdness & Mutations

You are too large for most types of armour.
You have tough skin. (AC +1)
You have large cloven feet.


Message History

Terence closely misses you.
You closely miss Terence.
Terence is moderately wounded.
Terence hits you with a +2 short sword of venom.
You are poisoned.
You hit Terence.
Terence is heavily wounded.
You feel very sick.
Terence hits you with a +2 short sword of venom. x2
You are more poisoned.
You hit Terence.
Terence is heavily wounded.
You feel very sick.
Terence bares his teeth.
You block Terence's attack.
You sock Terence!
Terence is almost dead.
You feel very sick.
Terence hits you with a +2 short sword of venom.
You are more poisoned.
You block Terence's attack.
You hit Terence but do no damage.
Terence is almost dead.
You feel very sick.
Terence hits you with a +2 short sword of venom.
* * * LOW HITPOINT WARNING * * *
You are more poisoned.
You sock Terence!
You kill Terence!
You hear the slow rusting of a very distant drain.
* * * LOW HITPOINT WARNING * * *
You feel extremely sick.
Your Maces & Flails skill increases to level 3!
It was a potion of mutation.
You feel extremely strange.
Your feet thicken and deform.
* * * LOW HITPOINT WARNING * * *
You feel very sick.
It was a potion of attraction.
You feel attractive to monsters.
You die...

†####.## .# # # .#
.# .# . . .# .. .#
.#######...######.
........ ........
........
##.P.####.#
########
#....@)...#
#.._.###### ####
#....# ...# #..P.#
.#.#########....#
.#..............#
##.##############
#.# ###


There were no monsters in sight!

Vanquished Creatures
  Terence (D:3)
  2 adders (D:2)
  A worm (D:2)
  7 ball pythons
  3 endoplasms
  A giant cockroach (D:1)
  10 hobgoblins
  8 jackals
  3 quokkas
  5 bats
  2 frilled lizards
  2 goblins
  3 kobolds
  7 rats
55 creatures vanquished.

Notes
Turn   | Place    | Note
-------+----------+-------------------------------------------
     0 | D:1      | BinkBink the Ogre Fighter began the quest for the Orb.
     0 | D:1      | Reached XP level 1. HP: 24/24 MP: 1/1
    88 | D:1      | Reached XP level 2. HP: 24/32 MP: 2/2
   302 | D:1      | Found a faded altar of an unknown god.
   588 | D:1      | Reached XP level 3. HP: 29/39 MP: 3/3
  1508 | D:2      | Reached XP level 4. HP: 46/49 MP: 4/4
  2207 | D:3      | Found a shadowy altar of Dithmenos.
  2212 | D:3      | Noticed Terence
  2221 | D:3      | Killed Terence
  2222 | D:3      | Gained mutation: You have large cloven feet. [potion of
                  | mutation]
  2222 | D:3      | HP: 1/49 [poisoned by Terence]
  2223 | D:3      | Succumbed to Terence's poison

Illustrated notes

Levels and vault maps discovered:
D:1:      dpeg_arrival_simpleton_b, layout_loops_corners,
          chequers_ecumenical_altar_simple_redux, minivault_4
D:2:      layout_loops_cross
D:3:      minmay_door_path, layout_basic, nicolae_ru_sacrificial_ziggurat,
          kennysheep_orc_sif_temple, mainiacjoe_overflow_tiny_flanked,
          portal_sewer_entry_c, minmay_misc_feat_more_columns, uniq_terence

Skill      XL: |  1  2  3  4 |
---------------+-------------+-----
Maces & Flails | 2 3 |  3.1
Dodging        | 3 |  3.2
Fighting       | |  4.7
Shields        | |  3.5

Action                     |  1- 3 |  4- 6 || total
---------------------------+-------+-------++-------
  Melee: Flail             |   154 |    68 ||   222
    Use: Potion            |       |     2 ||     2
 Armour: Robe              |   102 |    66 ||   168
  Dodge: Dodged            |    63 |    30 ||    93
  Block: Kite shield       |    64 |    43 ||   107

Table legend: (Time is in decaauts)
 A = Elapsed time spent in this place.
 B = Non-inter-level travel time spent in this place.
 C = Inter-level travel time spent in this place.
 D = Time resting spent in this place.
 E = Time spent auto-exploring this place.
 F = Levels seen in this place.
 G = Mean time per level.
                   A        B        C        D        E       F      G
               +--------+--------+--------+--------+--------+-----+--------+
         Total |   2314 |   2267 |     47 |      0 |   1676 |   3 |  771.3 |
       Dungeon |   2314 |   2267 |     47 |      0 |   1676 |   3 |  771.3 |
               +--------+--------+--------+--------+--------+-----+--------+

Top non-repeatable levels by time:
     D:1: 1177 daAuts
     D:2: 985 daAuts
     D:3: 152 daAuts
